 Dungeon Crawl Stone Soup version 0.27-a0-836-gfc908b8576 (webtiles) character file.

Game seed: 10411419973441927169

35 polve the Changer (level 3, -9/31 HPs)
             Began as a Naga Transmuter on Apr 1, 2021.
             Mangled by Sigmund
             ... wielding a +0 scythe
              (12 damage)
             ... on level 2 of the Dungeon.
             The game lasted 00:01:42 (1281 turns).

polve the Changer (Naga Transmuter)                 Turns: 1281, Time: 00:01:42

Health: -9/31      AC:  2    Str: 12    XL:     3   Next: 33%
Magic:  6/6        EV:  9    Int: 14    God:
Gold:   18         SH:  0    Dex: 11    Spells: 5/6 levels left

rFire    . . .     SeeInvis +     - Unarmed
rCold    . . .     Faith    .   (no shield)
rNeg     . . .     Spirit   .   a - +0 robe
rPois    +         Reflect  .   (helmet currently unavailable)
rElec    .         Harm     .   (no cloak)
rCorr    .         Rampage  .   (no gloves)
Will     .....                  (no barding)
Stlth    +.........             (no amulet)
HPRegen  0.10/turn              (no ring)
MPRegen  0.10/turn              (no ring)

@: short of breath, appendages (expiring), very slow
A: horns 2, AC +1, large, see invisible, deformed body, poison resistance,
slowness 2, spit poison 1, naga tail 1
a: Spit Poison, End Transformation


You were on level 2 of the Dungeon.
You had temporarily grown beastly horns.
You visited 1 branch of the dungeon, and saw 2 of its levels.

You collected 18 gold pieces.

Inventory:

Armour
 a - a +0 robe (worn)
Scrolls
 b - 2 scrolls of teleportation {unknown}
 c - a scroll of vulnerability {unknown}
 d - a scroll of identify {unknown}


   Skills:
 - Level 1.0 Fighting
 - Level 1.5 Dodging
 - Level 3.0 Unarmed Combat
 - Level 2.0 Spellcasting
 + Level 3.6 Transmutations


You had 5 spell levels left.
You knew the following spells:

 Your Spells              Type           Power      Damage    Failure   Level
a - Beastly Appendage     Tmut           22%        N/A       5%          1

Your spell library contained the following spells:

 Spells                   Type           Power      Damage    Failure   Level
 Wereblood                Tmut           11%        N/A       8%          2
 Spider Form              Tmut/Pois      3%         N/A       32%         3
 Ice Form                 Ice/Tmut       6%         N/A       73%         4
 Hydra Form               Tmut           5%         N/A       82%         5


Dungeon Overview and Level Annotations

Branches:
Dungeon (2/15)

Altars:
Okawaru

Annotations:
D:2 Sigmund


Innate Abilities, Weirdness & Mutations

You have temporarily grown beastly horns.
Your serpentine skin is tough. (AC +1)
You have supernaturally acute eyesight. (SInv)
Armour fits poorly on your strangely shaped body.
Your system is resistant to poisons. (rPois)
You cover ground very slowly.
You can spit poison.
You have a snake-like lower body.


Message History

Confirm with . or Enter, or press ? or * to list all spells.
You grow a pair of large bovine horns.
The splash of poison misses Sigmund.
Sigmund hits you from afar with a +0 scythe!
Sigmund gestures at you while chanting. The magic dart hits you.
You have got your breath back.
Sigmund barely misses you.
You hit Sigmund.
Sigmund is lightly wounded.
Sigmund barely misses you.
You closely miss Sigmund.
Sigmund is lightly wounded.
Sigmund gestures at you while chanting.
You are confused.
You aren't carrying any potions.
Your transformation is almost over.
Sigmund completely misses you.
You bump into the rock wall.
Sigmund closely misses you. Sigmund hits you with a +0 scythe.
Sigmund says, "I'm your fate." Sigmund hits you with a +0 scythe.
You bump into the rock wall.
Sigmund hits you with a +0 scythe!
* * * LOW HITPOINT WARNING * * *
You barely miss Sigmund.
Sigmund is lightly wounded.
You feel less confused. Sigmund completely misses you.
You aren't carrying any potions.
Unknown command.
Press: ? - help, Shift-Dir - straight line, f/p - Sigmund
Aim: Sigmund, wielding a +0 scythe and wearing a +0 robe (lightly wounded)
The splash of poison misses Sigmund.
Sigmund breathes a few words.
Sigmund's hands start flickering wildly.
Sigmund closely misses you.
You barely miss Sigmund. Your headbutt misses Sigmund.
Sigmund is lightly wounded.
Sigmund hits you with a +0 scythe!
You die...

#+ ###.###
#.....#
#.....#
#.....#
#.....#
#....@# ..
#...@.#
#...
#.....#
#...
##...##
#...
#...######
#...
#........#
#...
#........#
#...
#........#
#...
#........#
#...


You could see Sigmund.

Vanquished Creatures
  An adder (D:2)
  5 bats
  2 endoplasms
  A goblin (D:1)
  2 hobgoblins (D:1)
  2 kobolds (D:1)
  3 quokkas (D:1)
  A ball python (D:1)
  4 frilled lizards
  3 rats (D:1)
24 creatures vanquished.

Notes
Turn   | Place    | Note
-------+----------+-------------------------------------------
     0 | D:1      | polve the Naga Transmuter began the quest for the Orb.
     0 | D:1      | Reached XP level 1. HP: 18/18 MP: 3/3
   201 | D:1      | Reached XP level 2. HP: 25/25 MP: 5/5
   764 | D:1      | You fall into a shaft and drop 1 floor!
   918 | D:2      | Found an iron altar of Okawaru.
   943 | D:2      | Reached XP level 3. HP: 21/31 MP: 6/6
  1267 | D:2      | Noticed Sigmund
  1281 | D:2      | Mangled by Sigmund

Illustrated notes

Levels and vault maps discovered:
D:1:      nzn_arrival_depleted_hourglass, layout_basic, kennysheep_minor_cross
D:2:      layout_basic, okawaru_metal_pillars_1_2, uniq_sigmund, uniq_natasha

Skill      XL: |  1  2 |
---------------+-------+-----
Transmutations | 3 |  3.6
Fighting       | |  1.0
Dodging        | |  1.5
Unarmed Combat | |  3.0
Spellcasting   | |  2.0

Action                   || total
-------------------------++-------
Melee: Unarmed           ||    66
       Headbutt          ||     3
       Punch             ||     2
 Cast: Beastly Appendage ||     6
 Abil: Spit Poison       ||    13
Armor: Robe              ||    17
Dodge: Dodged            ||    45

Table legend: (Time is in decaauts)
 A = Elapsed time spent in this place.
 B = Non-inter-level travel time spent in this place.
 C = Inter-level travel time spent in this place.
 D = Time resting spent in this place.
 E = Time spent auto-exploring this place.
 F = Levels seen in this place.
 G = Mean time per level.
                   A        B        C        D        E       F      G
               +--------+--------+--------+--------+--------+-----+--------+
         Total |   1522 |   1522 |      0 |      0 |   1334 |   2 |  761.0 |
       Dungeon |   1522 |   1522 |      0 |      0 |   1334 |   2 |  761.0 |
               +--------+--------+--------+--------+--------+-----+--------+

Top non-repeatable levels by time:
     D:1: 890 daAuts
     D:2: 632 daAuts
